 Dungeon Crawl Stone Soup version 0.30-a0-722-g3e6e8c874d (webtiles) character file.

Game seed: 7166978021246253106

147 Dittersdorf the Covered (level 5, -1/33 HPs)
             Began as a Gargoyle Fighter on Jan 27, 2023.
             Slain by Grinder (7 damage)
             ... while paralysed by Grinder
             ... on level 4 of the Dungeon.
             The game lasted 00:02:53 (2093 turns).

Dittersdorf the Covered (Gargoyle Fighter)          Turns: 2093, Time: 00:02:53

Health: -1/33      AC: 15    Str: 22    XL:     5   Next: 29%
Magic:  5/5        EV:  2    Int:  8    God:
Gold:   119        SH:  0    Dex:  9    Spells: 4/4 levels left

rFire   . . .      SeeInvis .    r - +0 morningstar
rCold   . . .      Faith    .    c - +0 buckler
rNeg    + . .      Spirit   .    p - +0 chain mail
rPois   ∞          Reflect  .    (no helmet)
rElec   +          Harm     .    h - +1 cloak
rCorr   .          Rampage  .    (no gloves)
Will    .....                    (no boots) Stlth
                                 (no amulet)
HPRegen 0.25/turn                (no ring)
MPRegen 0.09/turn                (no ring)

@: paralysed
A: sickness immunity, AC +4, negative energy resistance 1, electricity
resistance, torment resistance 1, petrification resistance
a: no special abilities


You were on level 4 of the Dungeon.
You visited 1 branch of the dungeon, and saw 4 of its levels.

You collected 119 gold pieces.

Inventory:

Hand Weapons
 r - a +0 morningstar (weapon)
Missiles
 b - 2 poisoned darts (quivered)
Armour
 c - a +0 buckler (worn)
 h - a +1 cloak (worn)
 p - a +0 chain mail (worn)
Potions
 a - a potion of curing
 d - a potion of might
 e - 4 potions of heal wounds
 f - a potion of mutation
 g - a potion of resistance {unknown}
 j - a potion of flight {unknown}
 m - 2 potions of invisibility {unknown}
 n - a potion of degeneration {unknown}
 o - a potion of brilliance {unknown}


   Skills:
 + Level 4.2 Fighting
 + Level 3.1 Maces & Flails
 + Level 4.3 Armour
 + Level 4.2 Shields


You had 4 spell levels left.
You didn't know any spells.
Your spell library contained the following spells:

 Spells                   Type           Power      Damage    Failure   Level
 Necrotise                Necr           0%         1d4       99%         1
 Ensorcelled Hibernation  Hex/Ice        0%         N/A       100%        2
 Passwall                 Tmut/Erth      0%         N/A       100%        2
 Swiftness                Air            0%         N/A       100%        3
 Vampiric Draining        Necr           0%         2d6       100%        3
 Agony                    Necr           0%         N/A       100%        5


Dungeon Overview and Level Annotations

Branches:
Dungeon (4/15)
 Temple: D:4-7

Altars:

Annotations:
D:4 Grinder


Innate Abilities, Weirdness & Mutations

You are immune to sickness and miasma.
Your stone body is resilient. (AC +4)
You are immune to poison.
You resist negative energy. (rN+)
You are resistant to electric shocks. (rElec)
You are resistant to unholy torment.
You are immune to petrification.


Message History

You kill the quokka!
Throw: 3 darts (poison)
Press: ? - help, Q - select action Shift-Dir - straight line, f - Grinder
Aim: Grinder (lightly wounded, 52% to hit)
You throw a poisoned dart. The poisoned dart hits Grinder.
Grinder is lightly wounded.
Grinder blinks!
Grinder gestures at you. You resist with significant effort.
You puncture Grinder!
Grinder is moderately wounded.
Grinder gestures at you.
You barely resist. You block Grinder's attack.
You barely miss Grinder.
Grinder is moderately wounded.
Grinder gestures at you.
You suddenly lose the ability to move!
Grinder gestures at you. Pain shoots through your body!
Grinder blinks!
You can move again.
You barely miss Grinder.
Grinder is moderately wounded.
Grinder hits you!
You writhe in agony.
Grinder barely misses you.
You closely miss Grinder.
Grinder is moderately wounded.
Grinder gestures at you. Pain shoots through your body!
You barely miss Grinder.
Grinder is moderately wounded.
Grinder hits you. Grinder hits you!
* * * LOW HITPOINT WARNING * * *
You writhe in agony.
* * * LOW HITPOINT WARNING * * *
You closely miss Grinder.
Grinder is moderately wounded.
Grinder gestures at you.
You suddenly lose the ability to move!
Grinder hits you!
You die...

..# ..# #.# #....# #.#
#....# #.# #....# #.#
#..(.# #.#
#....########.#########
#......##......@5.....#
#....#.##.###(#######.#
#...<#.##.###.#
+#....#..#.....##
......##..>.....#
......###.#####.#
...)....#.# .#
......#.#.# ..
.#..<.#.#.#


You could see Grinder.

Vanquished Creatures
  3 gnolls (D:3)
  3 adders
  2 worms (D:2)
  3 dart slugs
  6 orcs (D:3)
  10 ball pythons
  5 bats
  5 endoplasms
  3 giant cockroaches
  3 goblins (D:1)
  6 hobgoblins
  3 jackals (D:3)
  4 quokkas
  4 frilled lizards
  5 kobolds
  3 rats (D:1)
68 creatures vanquished.

Vanquished Creatures (others)
  10 demonic plants (D:2)
  3 withered plants (D:2)
13 creatures vanquished.

Grand Total: 81 creatures vanquished

Notes
Turn   | Place    | Note
-------+----------+-------------------------------------------
     0 | D:1      | Dittersdorf the Gargoyle Fighter began the quest for the
                  | Orb.
     0 | D:1      | Reached XP level 1. HP: 14/14 MP: 1/1
    69 | D:1      | Reached XP level 2. HP: 16/19 MP: 2/2
   227 | D:1      | Reached XP level 3. HP: 23/23 MP: 3/3
   596 | D:2      | Found a faded altar of an unknown god.
   779 | D:2      | Reached XP level 4. HP: 29/29 MP: 4/4
  1677 | D:3      | Reached XP level 5. HP: 33/33 MP: 5/5
  2067 | D:4      | Noticed Grinder
  2074 | D:4      | Paralysed by Grinder for 3 turns
  2084 | D:4      | Paralysed by Grinder for 3 turns
  2092 | D:4      | Paralysed by Grinder for 3 turns
  2093 | D:4      | Slain by Grinder

Illustrated notes

Levels and vault maps discovered:
D:1:      scummos_arrival_gate, layout_rooms, st_stairs_1,
          minmay_tree_intersection
D:2:      layout_rooms, shapermc_ecumenical_altar_gd, st_stairs_1
D:3:      layout_basic
D:4:      layout_basic, minmay_temple_entry_junction_2, uniq_pikel, uniq_grinder

Skill      XL: |  1  2  3  4 |
---------------+-------------+-----
Fighting       | 4 |  4.2
Armour         | 4 |  4.3
Shields        | 4 |  4.2
Maces & Flails | 3 |  3.1

Action                     |  1- 3 |  4- 6 || total
---------------------------+-------+-------++-------
  Melee: Flail             |   136 |    48 ||   184
         Morningstar       |       |    93 ||    93
  Throw: Dart              |       |     1 ||     1
    Use: Scroll            |       |     7 ||     7
 Armour: Scale mail        |    83 |       ||    83
         Chain mail        |       |   108 ||   108
  Dodge: Dodged            |    65 |    63 ||   128
  Block: Buckler           |    34 |    33 ||    67

Table legend: (Time is in decaauts)
 A = Elapsed time spent in this place.
 B = Non-inter-level travel time spent in this place.
 C = Inter-level travel time spent in this place.
 D = Time resting spent in this place.
 E = Time spent auto-exploring this place.
 F = Levels seen in this place.
 G = Mean time per level.
                   A        B        C        D        E       F      G
               +--------+--------+--------+--------+--------+-----+--------+
         Total |   2186 |   2041 |    145 |     19 |   1400 |   4 |  546.5 |
       Dungeon |   2186 |   2041 |    145 |     19 |   1400 |   4 |  546.5 |
               +--------+--------+--------+--------+--------+-----+--------+

Top non-repeatable levels by time:
     D:3: 941 daAuts
     D:2: 572 daAuts
     D:1: 542 daAuts
     D:4: 129 daAuts
